 Dungeon Crawl Stone Soup version 0.19.1 (webtiles) character file.

527 ImaNewbie the Spear-Bearer (level 7, 0/78 HPs)
             Began as a Merfolk Berserker on Dec 11, 2016.
             Was a Priest of Trog.
             Slain by a hippogriff (6 damage)
             ... on level 5 of the Dungeon.
             The game lasted 00:07:49 (3696 turns).

ImaNewbie the Spear-Bearer (Merfolk Berserker)      Turns: 3696, Time: 00:07:50

Health: 0/78       AC:  2    Str: 23    XL:     7   Next: 23%
Magic:  7/7        EV: 13    Int:  6    God:    Trog [***...]
Gold:   158        SH:  0    Dex: 15    Spells: 0 memorised, 6 levels left

rFire  . . .     SeeInvis +     a - +1 spear
rCold  . . .     Gourm    .     b - +0 animal skin
rNeg   . . .     Faith    .     (no shield)
rPois  .         Spirit   .     (no helmet)
rElec  .         Reflect  .     (no cloak)
rCorr  .         Harm     .     (no gloves)
MR     ++...                    (no boots)
Stlth  ..........               (no amulet)
                                u - ring of see invisible
                                (no ring)

@: berserking, regenerating, very quick
A: change form in water, swift swim, stealthy swim
a: Berserk, Trog's Hand, Burn Spellbooks, Renounce Religion


You were on level 5 of the Dungeon.
You worshipped Trog.
Trog was most pleased with you.
You were very hungry.

You visited 1 branch of the dungeon, and saw 5 of its levels.

You collected 158 gold pieces.

Inventory:

Hand Weapons
 a - a +1 spear (weapon)
Armour
 b - a +0 animal skin (worn)
 q - a +0 buckler
Jewellery
 u - a ring of see invisible (right hand)
Wands
 f - a wand of digging (20/24)
Scrolls
 d - a scroll of remove curse
 i - 2 scrolls of immolation
 j - 6 scrolls of identify
 n - 2 scrolls of amnesia {unknown}
 o - 5 scrolls of teleportation
 p - a scroll of recharging
Potions
 e - 3 potions of haste
 h - a potion of agility {unknown}
 r - a potion of cure mutation {unknown}
 t - a potion of brilliance {unknown}
Comestibles
 c - 3 bread rations
 g - a beef jerky
 k - a meat ration
 l - a chunk of flesh
 m - 4 fruits
 s - a royal jelly


   Skills:
 - Level 3.2 Fighting
 + Level 11.3 Polearms
 - Level 1.3 Armour
 - Level 2.6 Dodging


You had 6 spell levels left.
You didn't know any spells.

Dungeon Overview and Level Annotations

Branches:
Dungeon (5/15)             Temple (0/1) D:4

Altars:
Dithmenos
Makhleb
Ru
Trog
Zin

Shops:
D:4 }(


Message History

* * * LOW HITPOINT WARNING * * *
The hippogriff claws you.
* * * LOW HITPOINT WARNING * * *
Press: ? - help, v - describe, . - travel
Here: a hippogriff (moderately wounded)
The floor, spattered with blood.
Unknown command.
Your skin crawls.
You feel resistant to hostile enchantments.
You feel somewhat more hungry. The hippogriff barely misses you.
The hippogriff pecks you.
* * * LOW HITPOINT WARNING * * *
The hippogriff closely misses you.
A red film seems to cover your vision as you go berserk!
You feel yourself moving faster!
You feel mighty!
You are feeling very hungry.
The hippogriff closely misses you. The hippogriff pecks you.
* * * LOW HITPOINT WARNING * * *
The hippogriff claws you.
You die...

#.####....##.#.#.#
#+#.#. #.#
#....#.#.#.#.#.#.#.#
#.# #....##.#.# #.#.#.#
#.# #....#.#.#.#.#.#.#
#.# #....##.#.#.#.#.#
#.# #....#.#.#.#.#.#
#.# ....##.#)#)#.# #.#
#.#.#.#H# #.#
##)#.#@#.#
#.#########.#.#.#.#.#
...........#.#.#.#.#.#
#######.......#.#.#.#.#
#......#.#.#.#.#.#
#.......#.#.#.#.#.#
######.#.#.#.#.#.#.
#.#.#.#.#.#. #.#.#.


You could see a hippogriff.

Vanquished Creatures
  An ogre (D:4)
  A scorpion (D:4)
  A howler monkey (D:4)
  An orc priest (D:5)
  A centaur skeleton (D:5)
  4 worker ants
  A hound zombie (D:3)
  A hound skeleton (D:3)
  A howler monkey zombie (D:4)
  2 worker ant zombies (D:3)
  2 adders
  3 adder zombies (D:3)
  2 adder skeletons (D:3)
  3 worms
  5 dart slugs
  5 leopard geckos
  8 orcs
  7 giant cockroaches
  9 goblins
  8 hobgoblins
  2 jackals (D:5)
  2 kobolds
  A quokka (D:3)
  2 ball pythons (D:4)
  10 bats
  5 frilled lizards
  2 quokka skeletons
  4 rats
94 creatures vanquished.

Notes
Turn   | Place    | Note
-------+----------+-------------------------------------------
     0 | D:1      | ImaNewbie the Merfolk Berserker began the quest for the Orb.
     0 | D:1      | Reached XP level 1. HP: 18/18 MP: 1/1
    48 | D:1      | Reached skill level 5 in Polearms
    76 | D:1      | Reached XP level 2. HP: 20/24 MP: 2/2
   526 | D:1      | Reached skill level 6 in Polearms
   526 | D:1      | Reached XP level 3. HP: 21/29 MP: 3/3
   658 | D:1      | Reached ** piety under Trog
  1154 | D:2      | Found a faded altar of an unknown god.
  1161 | D:2      | Reached XP level 4. HP: 35/35 MP: 4/4
  1384 | D:3      | Found a sacrificial altar of Ru.
  1390 | D:3      | Reached skill level 7 in Polearms
  1711 | D:3      | Found a glowing silver altar of Zin.
  1714 | D:3      | Found a shadowy altar of Dithmenos.
  1714 | D:3      | Found a bloodstained altar of Trog.
  1715 | D:3      | Found a burning altar of Makhleb.
  1835 | D:3      | Reached skill level 8 in Polearms
  1835 | D:3      | Reached XP level 5. HP: 39/41 MP: 5/5
  2146 | D:4      | Noticed an ogre
  2169 | D:4      | Killed an ogre
  2169 | D:4      | Reached skill level 9 in Polearms
  2169 | D:4      | Reached XP level 6. HP: 47/47 MP: 6/6
  2194 | D:4      | Found Gucw's Gadget Shoppe.
  2213 | D:4      | Found Tenou's Weapon Boutique.
  2220 | D:4      | Reached *** piety under Trog
  2454 | D:4      | Reached skill level 10 in Polearms
  3295 | D:4      | Found a staircase to the Ecumenical Temple.
  3308 | D:4      | Reached XP level 7. HP: 52/52 MP: 7/7
  3459 | D:5      | Entered Level 5 of the Dungeon
  3483 | D:5      | Reached skill level 11 in Polearms
  3688 | D:5      | Noticed a hippogriff
  3696 | D:5      | Slain by a hippogriff

Skill      XL: |  1  2  3  4  5  6  7 |
---------------+----------------------+-----
Polearms       | 5 6 8 9 10 11 | 11.3
Fighting       | |  3.2
Armour         | |  1.3
Dodging        | |  2.6

Action                   |  1- 3 |  4- 6 |  7- 9 || total
-------------------------+-------+-------+-------++-------
Melee: Spear             |   139 |   255 |    56 ||   450
       Tailslap          |       |     3 |       ||     3
Invok: Berserk           |       |       |     1 ||     1
       Trog's Hand       |       |       |     1 ||     1
  Use: Scroll            |       |     6 |       ||     6
 Stab: Sleeping          |       |     5 |       ||     5
  Eat: Chunk             |     1 |     6 |     2 ||     9
Armor: Animal skin       |    14 |    15 |     1 ||    30
Dodge: Dodged            |    58 |    95 |    16 ||   169
